 Dungeon Crawl Stone Soup version 0.19-a0-1490-g5dd3618 (webtiles) character file.

503 poirepourri the Covert (level 6, -2/28 HPs)
             Began as a Spriggan Enchanter on Sept 8, 2016.
             Killed from afar by a gnoll (16 damage)
             ... with a wand of flame
             ... on level 4 of the Dungeon.
             The game lasted 00:07:06 (4659 turns).

poirepourri the Covert (Spriggan Enchanter)         Turns: 4659, Time: 00:07:06

Health: -2/28      AC:  3    Str:  4    XL:     6   Next: 96%
Magic:  0/14       EV: 20    Int: 16    God:
Gold:   145        SH:  0    Dex: 19    Spells: 4 memorised, 6 levels left

rFire  . . .     SeeInvis +     a - +1 dagger
rCold  . . .     Gourm    .     b - +1 robe
rNeg   . . .     Faith    .     (shield restricted)
rPois  .         Spirit   .     (helmet restricted)
rElec  .         Dismiss  .     (no cloak)
rCorr  .         Reflect  .     (gloves unavailable)
MR     +....     Harm     .     (boots unavailable)
Stlth  +++++.....               (no amulet)
                                (no ring)
                                (no ring)

@: very slightly contaminated, very quick
A: unfitting armour, see invisible, herbivore 3, speed 3, slow metabolism 2
a: no special abilities


You were on level 4 of the Dungeon.
You were hungry.

You visited 1 branch of the dungeon, and saw 4 of its levels.

You collected 145 gold pieces.

Inventory:

Hand Weapons
 a - a +1 dagger (weapon)
Missiles
 g - 82 stones (quivered)
Armour
 b - a +1 robe (worn)
 o - a +0 cloak
Jewellery
 e - an uncursed ring of ice
 k - a +3 ring of strength
 n - an uncursed ring of poison resistance
 q - an uncursed amulet of dismissal {unknown}
Wands
 j - a wand of iceblast (9/15)
Scrolls
 f - a scroll of blinking
 r - a scroll of remove curse
Potions
 h - a potion of heal wounds {unknown}
 i - 2 potions of lignification
 m - a potion of cancellation
 p - a potion of mutation {unknown}
Books
 c - a book of Maledictions

   Spells                             Type                      Level
   a - Corona                         Hexes                        1
   b - Ensorcelled Hibernation        Hexes/Ice                    2
   c - Confuse                        Hexes                        3
   d - Tukima's Dance                 Hexes                        3
   e - Dazzling Spray                 Conjuration/Hexes            3
Comestibles
 d - 4 bread rations


   Skills:
 + Level 1.8 Short Blades
 + Level 4.0 Dodging
 + Level 8.0 Stealth
 + Level 5.0 Spellcasting
 + Level 6.0 Hexes
 - Level 0.1 Ice Magic


You had 6 spell levels left.
You knew the following spells:

 Your Spells              Type           Power        Failure   Level  Hunger
a - Corona                Hex            ###....      1%          1    None
b - Ensorcelled Hibernat  Hex/Ice        ##....       10%         2    #......
c - Confuse               Hex            ###.....     4%          3    ###....
d - Tukima's Dance        Hex            ###.....     4%          3    ###....


Dungeon Overview and Level Annotations

Branches:
Dungeon (4/15)
 Temple: D:4-7

Altars:
Hepliaklqana
Yredelemnul


Innate Abilities, Weirdness & Mutations

You are tiny and cannot use many weapons and most armour.
You have supernaturally acute eyesight. (SInv)
You are a herbivore.
You cover ground extremely quickly.
You need consume almost no food.


Message History

Casting: Ensorcelled Hibernation
Confirm with . or Enter, or press ? or * to list all spells.
Aiming: Ensorcelled Hibernation
Press: ? - help, Shift-Dir - straight line, f - gnoll
Aim: a gnoll, wielding a halberd, wearing a plate armour and wearing a small cameo amulet (chance to defeat MR: 52%)
You miscast Ensorcelled Hibernation.
You are very lightly contaminated with residual magic.
Frost covers your body. The gnoll completely misses you.
The gnoll zaps a wand.
The puff of flame hits you!
Ouch! That really hurt!
It is a wand of flame.
Casting: Ensorcelled Hibernation
Confirm with . or Enter, or press ? or * to list all spells.
Aiming: Ensorcelled Hibernation
Press: ? - help, Shift-Dir - straight line, f/p - gnoll
Aim: a gnoll, wielding a halberd, wearing a plate armour, wearing a small cameo amulet and carrying a wand of flame {zapped: 1} (chance to defeat MR: 52%)
The gnoll resists with significant effort.
The gnoll zaps a wand.
The puff of flame hits you!
Ouch! That really hurt!
You die...

#..#..##.#
#..#..##.#
#.....##.#
#.#.....#
#####.#..##s#
.........##g#
######.###.# #
###.# #.# .#
#...###@# ..
#####.####..#
.#
#...†.......#
.#
#.##........#
.♣
#.#...♣♣♣...#
.♣♣###.#..♣#
#♣..#
..........♣
♣..#
.♣♣#.#.#..♣#
#♣..# .♣
#.._....♣♣♣...#


You could see a gnoll and a giant cockroach.

Vanquished Creatures
  2 ogres (D:4)
  A hound (D:4)
  2 centaur skeletons
  2 worker ants (D:4)
  A hound skeleton (D:4)
  5 adders
  7 gnolls (D:4)
  A worm (D:2)
  A dart slug (D:1)
  3 giant geckos
  5 orcs (D:3)
  2 ball pythons
  6 bats
  4 giant cockroaches
  7 goblins
  5 hobgoblins
  A quokka (D:2)
  4 giant newts
  9 kobolds
  6 rats
74 creatures vanquished.

Notes
Turn   | Place    | Note
-------+----------+-------------------------------------------
     0 | D:1      | poirepourri the Spriggan Enchanter began the quest for the Orb.
     0 | D:1      | Reached XP level 1. HP: 9/9 MP: 5/5
   582 | D:1      | Reached XP level 2. HP: 12/13 MP: 4/6
   586 | D:1      | Learned a level 2 spell: Ensorcelled Hibernation
  1160 | D:1      | Reached skill level 5 in Stealth
  1222 | D:1      | Reached XP level 3. HP: 11/16 MP: 0/8
  2250 | D:2      | Learned a level 3 spell: Confuse
  2320 | D:3      | Reached XP level 4. HP: 21/21 MP: 4/9
  2596 | D:3      | Reached skill level 6 in Stealth
  2927 | D:3      | Found a basalt altar of Yredelemnul.
  3378 | D:4      | Reached XP level 5. HP: 24/24 MP: 8/11
  3398 | D:4      | Learned a level 3 spell: Tukima's Dance
  3404 | D:4      | Reached skill level 5 in Hexes
  3456 | D:4      | Noticed an ogre
  3458 | D:4      | Killed an ogre
  3458 | D:4      | Reached skill level 7 in Stealth
  3458 | D:4      | Reached XP level 6. HP: 7/28 MP: 1/13
  4213 | D:4      | Reached skill level 8 in Stealth
  4551 | D:4      | Found a hazy altar of Hepliaklqana.
  4637 | D:4      | Reached skill level 5 in Spellcasting
  4659 | D:4      | Killed from afar by a gnoll

Vault maps used:
D:1:      lemuel_arrival_behind_the_door_large
D:2:      first_bread
D:3:      nicolae_overflow_crystal_walls
D:4:      lemuel_crystal_altar, minmay_tree_intersection,
          minmay_stone_trees_small

Skill      XL: |  1  2  3  4  5  6 |
---------------+-------------------+-----
Hexes          | 4 5 6 |  6.0
Stealth        | 5 6 7 8 |  8.0
Spellcasting   | 3 4 5 |  5.0
Dodging        | 4 |  4.0
Short Blades   | |  1.8
Ice Magic      | |  0.1

Action                   |  1- 3 |  4- 6 || total
-------------------------+-------+-------++-------
Melee: Dagger            |    99 |    73 ||   172
 Cast: Corona            |     5 |     1 ||     6
       Ensorcelled Hiber |    23 |    41 ||    64
       Confuse           |       |     7 ||     7
  Use: Scroll            |     7 |     4 ||    11
 Stab: Sleeping          |    30 |    31 ||    61
       Confused          |       |     1 ||     1
  Eat: Fruit             |     1 |     2 ||     3
       Pizza             |       |     1 ||     1
Armor: Robe              |    10 |     5 ||    15
Dodge: Dodged            |    78 |    39 ||   117
